AoeStats
← Accidenta11y

Socotra

505996091Analyzed
2v2 RM · 20d ago on Sep 12, 2026· 44m 35s· 4 players
Game mode
Random Map
Map size
Tiny (2 player)
Population
200
Speed
Normal
Resources
Standard
Victory
Conquest
Starting age
Dark Age
Ending age
Imperial Age
RankedLock teamsTeams togetherTeam positionsShared explorationLock speedFull tech treeHidden civsTurbo modeCheats
Victory
Defeat
🇺🇸 Mongols · United States
1042
+14
🇩🇪 Slavs · Germany
936
+19
🇨🇦 Vietnamese · Canada
1005
-17
🇺🇸 Slavs · United States
981
-16
Accidenta11y
6:58 Loom
8:39 Loom
10:56 Feudal Age
12:00 Double-Bit Axe
19:23 Forging
23:31 Scale Mail Armor
23:23 Fletching
25:53 Castle Age
26:08 Scale Mail Armor
26:06 Pikeman
27:25 Iron Casting
28:56 Squires
28:53 Arson
29:49 Chain Mail Armor
32:00 Bodkin Arrow
33:47 Wheelbarrow
33:01 Town Watch
35:56 Padded Archer Armor
36:29 Bow Saw
40:48 Imperial Age
39:44 Thumb Ring
44:57 Imperial Age
ssartajg
12:27 Feudal Age
13:55 Double-Bit Axe
14:01 Horse Collar
22:05 Castle Age
21:29 Stone Mining
21:30 Gold Mining
29:01 Bow Saw
32:06 Gold Shaft Mining
33:05 Detinets
33:26 Redemption
34:07 Wheelbarrow
33:35 Heavy Plow
36:25 Sanctity
41:57 Imperial Age
39:50 Hand Cart
40:55 Bloodlines
40:46 Husbandry
42:30 Pikeman
43:11 Squires
42:40 Cavalier
NachoFries4886
0:38 Loom
12:26 Feudal Age
13:49 Double-Bit Axe
17:08 Bloodlines
18:56 Horse Collar
24:05 Castle Age
23:41 Stone Mining
23:43 Gold Mining
25:54 Gold Shaft Mining
35:21 Imperial Age
36:19 Padded Archer Armor
36:09 Fletching
36:39 Husbandry
37:01 Cavalier
39:34 Scale Barding Armor
39:46 Leather Archer Armor
42:18 Heavy Plow
42:58 Wheelbarrow
42:08 Town Watch
Semih373
3:15 Loom
12:43 Feudal Age
13:39 Double-Bit Axe
17:45 Gold Mining
20:11 Castle Age
20:04 Fletching
24:25 Forging
32:50 Horse Collar
36:50 Imperial Age
36:47 Wheelbarrow
40:49 Chemistry
41:49 Hand Cart
42:39 Detinets
Connection lost

Rejoining the realm…

Still unreachable

The connection could not be restored.

Session expired

The server has moved on; the page needs a fresh start.